 Dungeon Crawl Stone Soup version 0.19.0-11-g3fc08b3 (webtiles) character file.

286 Ladykiller69 the Shield-Bearer (level 6, -1/48 HPs)
             Began as a Formicid Fighter on Nov 9, 2016.
             Was an Initiate of Cheibriados.
             Slain by a slave (4 damage)
             ... led by Pikel
             ... on level 4 of the Dungeon.
             The game lasted 00:07:43 (3177 turns).

Ladykiller69 the Shield-Bearer (Formicid Fighter)   Turns: 3177, Time: 00:07:44

Health: -1/48      AC:  8    Str: 22    XL:     6   Next: 56%
Magic:  6/6        EV:  8    Int: 10    God:    Cheibriados [......]
Gold:   173        SH: 10    Dex: 11    Spells: 0 memorised, 5 levels left

rFire  . . .     SeeInvis +     a - +0 war axe
rCold  . . .     Gourm    .     b - +0 scale mail
rNeg   . . .     Faith    .     c - +0 shield
rPois  .         Spirit   .     (helmet unavailable)
rElec  .         Reflect  .     (no cloak)
rCorr  .         Harm     .     (no gloves)
MR     .....                    h - +0 pair of boots
Stlth  ..........               (no amulet)
                                (no ring)
                                (no ring)

@: very slow
A: permanent stasis, dig shafts and tunnels, four strong arms, antennae 3
a: Dig, Shaft Self, Bend Time, Renounce Religion


You were on level 4 of the Dungeon.
You worshipped Cheibriados.
Cheibriados was noncommittal.
You were hungry.

You visited 1 branch of the dungeon, and saw 4 of its levels.

You collected 173 gold pieces.

Inventory:

Hand Weapons
 a - a +0 war axe (weapon)
Missiles
 e - a throwing net (quivered)
 s - 55 stones
 u - 3 javelins of returning
Armour
 b - a +0 scale mail (worn)
 c - a +0 shield (worn)
 h - a +0 pair of boots (worn)
Jewellery
 i - an uncursed ring of stealth {unknown}
 k - a cursed ring of loudness {unknown}
Scrolls
 g - 5 scrolls of identify {unknown}
 j - a scroll of teleportation {unknown}
 m - a scroll of amnesia {unknown}
 n - a scroll of fear {unknown}
 x - a scroll of remove curse {unknown}
 y - a scroll of enchant weapon {unknown}
 z - a scroll of magic mapping {unknown}
Potions
 d - 2 potions of might
 o - 5 potions of curing {unknown}
 p - a potion of brilliance {unknown}
 r - a potion of mutation {unknown}
 t - a potion of resistance {unknown}
 v - a potion of flight {unknown}
Books
 l - a book of Cantrips

   Spells                             Type                      Level
   a - Confusing Touch                Hexes                        1
   b - Animate Skeleton               Necromancy                   1
   c - Summon Small Mammal            Summoning                    1
   d - Apportation                    Translocation                1
 w - a book of Misfortune

   Spells                             Type                      Level
   a - Confusing Touch                Hexes                        1
   b - Confuse                        Hexes                        3
   c - Gell's Gravitas                Hexes/Translocation          3
   d - Petrify                        Transmutation/Earth          4
   e - Metabolic Englaciation         Hexes/Ice                    5
   f - Yara's Violent Unravelling     Hexes/Transmutation          5
Comestibles
 f - 3 bread rations
 q - a beef jerky
 A - a chunk of flesh


   Skills:
 + Level 4.2 Fighting
 * Level 4.3 Axes
 + Level 4.3 Armour
 + Level 5.1 Shields


You had 5 spell levels left.
You didn't know any spells.

Dungeon Overview and Level Annotations

Branches:
Dungeon (4/15)
 Temple: D:4-7

Altars:
Cheibriados
Vehumet

Annotations:
D:4 Pikel


Innate Abilities, Weirdness & Mutations

You are under a permanent stasis effect.
You can dig through walls and to a lower floor.
Your four strong arms can wield two-handed weapons with a shield.
You have a pair of large antennae on your head. (SInv)


Message History

You block the slave's attack.
You hit the slave.
The slave is almost dead.
The slave hits you.
* * * LOW HITPOINT WARNING * * *
You closely miss the slave.
The slave is almost dead.
The slave barely misses you.
You hit the slave.
The slave is almost dead.
The slave hits you!
* * * LOW HITPOINT WARNING * * *
You block the slave's attack.
Are you sure you want to shaft yourself?
You are feeling hungry.
The slave hits you.
* * * LOW HITPOINT WARNING * * *
You begin to dig a shaft.
You continue digging a shaft.
The slave hits you.
You die...

..# ..# {..#
#
##+####.#.#
...l..#.#.##
...........#
#.# { #.#
#@#
########p#
#.......p#
#......#.#
#......###
#......#
#.....p#
#.....p#
#......#


You could see 2 slaves.

Vanquished Creatures
  2 slaves (D:4)
  A centaur skeleton (D:3)
  2 orc priests
  An iguana (D:4)
  3 worker ant zombies (D:3)
  6 adders
  2 dart slugs (D:1)
  2 leopard geckos (D:1)
  4 orcs
  A ball python (D:1)
  5 bats
  8 giant cockroaches
  8 goblins
  8 hobgoblins
  6 jackals (D:1)
  A quokka (D:1)
  6 frilled lizards
  3 kobolds
  A leopard gecko zombie (D:3)
  A quokka zombie (D:3)
  10 rats
81 creatures vanquished.

Notes
Turn   | Place    | Note
-------+----------+-------------------------------------------
     0 | D:1      | Ladykiller69 the Formicid Fighter began the quest for the Orb.
     0 | D:1      | Reached XP level 1. HP: 18/18 MP: 1/1
   163 | D:1      | Reached XP level 2. HP: 17/24 MP: 2/2
   320 | D:1      | Reached XP level 3. HP: 23/29 MP: 3/3
   338 | D:1      | Reached skill level 4 in Shields
   839 | D:2      | Reached XP level 4. HP: 27/37 MP: 4/4
  1168 | D:2      | Found a radiant altar of Vehumet.
  1578 | D:2      | Reached XP level 5. HP: 30/42 MP: 5/5
  1996 | D:3      | Reached XP level 6. HP: 24/48 MP: 6/6
  2292 | D:3      | Reached skill level 5 in Shields
  2593 | D:3      | Found a snail-covered altar of Cheibriados.
  2719 | D:3      | Became a worshipper of Cheibriados the Contemplative
  2944 | D:4      | Noticed Pikel
  2944 | D:4      | Noticed a slave
  2944 | D:4      | Noticed a slave
  2944 | D:4      | Noticed a slave
  2946 | D:4      | Noticed a slave
  3145 | D:4      | Killed a slave
  3156 | D:4      | Killed a slave
  3176 | D:4      | HP: 2/48 [slave[Pikel] (2)]
  3177 | D:4      | Slain by a slave

Skill      XL: |  1  2  3  4  5  6 |
---------------+-------------------+-----
Shields        | 4 5 |  5.1
Axes           | 3 4 |  4.3
Armour         | 4 |  4.3
Fighting       | 4 |  4.2

Action                   |  1- 3 |  4- 6 || total
-------------------------+-------+-------++-------
Melee: War axe           |   119 |   211 ||   330
 Abil: Dig               |     1 |       ||     1
       Shaft Self        |       |     1 ||     1
  Use: Potion            |     1 |       ||     1
  Eat: Chunk             |       |     8 ||     8
Armor: Scale mail        |    49 |    75 ||   124
Dodge: Dodged            |    35 |    85 ||   120
Block: Shield            |    69 |   111 ||   180
